 Dungeon Crawl Stone Soup version 0.26.1-11-gd32895ea62 (webtiles) character file.

Game seed: 1684075402859691661

1271 Bergy the Basher (level 8, -6/46 HPs)
             Began as a Gargoyle Fighter on July 15, 2021.
             Was an Initiate of Makhleb.
             Mangled by a troll (9 damage)
             ... on level 6 of the Dungeon.
             The game lasted 00:23:11 (6170 turns).

Bergy the Basher (Gargoyle Fighter)                 Turns: 6170, Time: 00:23:12

Health: -6/46      AC: 16    Str: 21    XL:     8   Next: 53%
Magic:  8/8        EV:  5    Int:  9    God:    Makhleb [......]
Gold:   306        SH:  9    Dex: 10    Spells: 7/7 levels left

rFire    . . .     SeeInvis .   j - +2 mace (holy)
rCold    . . .     Faith    .   c - +0 kite shield
rNeg     + . .     Spirit   .   r - +0 chain mail
rPois    ∞         Reflect  .   v - +1 hat
rElec    +         Harm     .   (no cloak)
rCorr    .         Rampage  .   y - +0 pair of gloves
Will     .....                  (no boots)
Stlth    ..........             u - amulet of magic regeneration
HPRegen  0.15/turn              (no ring)
MPRegen  0.36/turn              (no ring)

@: no status effects
A: negative energy resistance 1, electricity resistance, unbreathing,
petrification resistance, miasma immunity, AC +5
a: Renounce Religion


You were on level 6 of the Dungeon.
You worshipped Makhleb.
Makhleb was noncommittal.
You visited 2 branches of the dungeon, and saw 8 of its levels.

You collected 306 gold pieces.

Inventory:

Hand Weapons
 j - a +2 mace of holy wrath (weapon)
Armour
 c - a +0 kite shield (worn)
 r - a +0 chain mail (worn)
 s - a +0 plate armour
 v - a +1 hat (worn)
 y - a +0 pair of gloves (worn)
Magical Staves
 a - an uncursed staff of fire {unknown}
Jewellery
 p - an uncursed amulet of the acrobat
 q - an uncursed amulet of faith
 u - an amulet of magic regeneration (around neck)
Scrolls
 b - a scroll of remove curse
 e - 3 scrolls of immolation {unknown}
 f - 3 scrolls of identify {unknown}
 i - a scroll of amnesia {unknown}
 l - a scroll of fear {unknown}
 o - a scroll of teleportation {unknown}
 w - a scroll of enchant armour {unknown}
 x - a scroll of vulnerability {unknown}
Potions
 d - 2 potions of might
 g - 3 potions of mutation {unknown}
 h - 2 potions of brilliance {unknown}
 k - 2 potions of ambrosia {unknown}
 m - a potion of heal wounds {unknown}
 n - 3 potions of curing {unknown}
 t - 3 potions of lignification {unknown}


   Skills:
 - Level 3.2 Fighting
 * Level 10.2 Maces & Flails
 - Level 3.2 Armour
 - Level 3.2 Shields


You had 7 spell levels left.
You didn't know any spells.
Your spell library was empty.

Dungeon Overview and Level Annotations

Branches:
Dungeon (7/15)             Temple (1/1) D:6

Altars:
Ashenzari
Cheibriados
Dithmenos
Elyvilon
Fedhas
Gozag
Hepliaklqana
Kikubaaqudgha
Makhleb
Nemelex Xobeh
Okawaru
Ru
Sif Muna
Trog
Uskayaw
Vehumet
Wu Jian
Xom
Yredelemnul
Zin
The Shining One

Shops:
D:4 *   D:5 (

Annotations:
D:4 2 transporters, H0rd4k's ghost, amateur OpTm


Innate Abilities, Weirdness & Mutations

You are resistant to torment.
Your stone body is resilient. (AC +5)
You are immune to poison.
You resist negative energy. (rN+)
You are resistant to electric shocks. (rElec)
You can survive without breathing.
You are immune to petrification.
You are immune to miasma.


Message History

The troll is heavily wounded.
The troll bites you. You block the troll's attack.
The troll claws you but does no damage.
You sock the troll!
The troll is severely wounded.
The troll bites you but does no damage. The troll claws you but does no damage.
You block the troll's attack.
You sock the troll!
The troll is almost dead.
The troll bites you!
* * * LOW HITPOINT WARNING * * *
The troll claws you.
* * * LOW HITPOINT WARNING * * *
The troll claws you but does no damage.
You hit the troll.
The troll is almost dead.
The troll bites you.
* * * LOW HITPOINT WARNING * * *
The troll claws you!
You die...

##.........#..##..##
#..#..#............#
#..#.(.............#
#.........<...##...###
##.#.................#
...###.............###
...###..........<..####
..................###.##
.....##.........@.##...#
.....##..........T.#...###
......###................##
..<..## #.................####
....#########............###.##
......#.#.#..##..........##...#
........#................#....###
..................#.#...........#
..................###...#.......#


You could see a troll.

Vanquished Creatures
  2 sky beasts
  An ice beast (D:7)
  A phantom (D:6)
  An ogre (D:6)
  2 centaurs
  A scorpion (D:6)
  2 howler monkeys
  A centaur zombie (D:5)
  A bullfrog zombie (D:6)
  A quasit (D:6)
  2 hounds
  2 orc wizards (D:4)
  Natasha (D:2)
  A worker ant (D:4)
  A hound skeleton (D:6)
  A worker ant zombie (D:5)
  5 gnolls
  8 adders
  An ufetubus (D:6)
  3 oozes
  3 dart slugs
  A leopard gecko (D:5)
  8 orcs
  11 bats
  9 giant cockroaches
  8 hobgoblins
  11 jackals
  6 kobolds
  4 quokkas
  3 ball pythons
  3 frilled lizards
  6 goblins
  A leopard gecko skeleton (D:4)
  9 rats
121 creatures vanquished.

Notes
Turn   | Place    | Note
-------+----------+-------------------------------------------
     0 | D:1      | Bergy the Gargoyle Fighter began the quest for the Orb.
     0 | D:1      | Reached XP level 1. HP: 14/14 MP: 1/1
   133 | D:1      | Reached XP level 2. HP: 17/19 MP: 2/2
   393 | D:1      | Reached skill level 3 in Maces & Flails
   854 | D:1      | Reached XP level 3. HP: 22/23 MP: 3/3
  1019 | D:2      | Reached skill level 4 in Maces & Flails
  1233 | D:2      | Reached XP level 4. HP: 27/28 MP: 4/4
  1425 | D:2      | Noticed Natasha
  1434 | D:2      | Killed Natasha
  1966 | D:3      | Reached skill level 5 in Maces & Flails
  1966 | D:3      | Reached XP level 5. HP: 26/32 MP: 5/5
  2912 | D:3      | Reached skill level 6 in Maces & Flails
  3019 | D:3      | Reached XP level 6. HP: 37/37 MP: 6/6
  3126 | D:3      | Found an ancient bone altar of Kikubaaqudgha.
  3127 | D:3      | Found a sacrificial altar of Ru.
  3317 | D:4      | Found Sotoch's General Store.
  3445 | D:4      | Found a transporter.
  3450 | D:4      | Noticed H0rd4k's ghost (amateur OpTm)
  3497 | D:4      | Found a transporter.
  4012 | D:5      | Entered Level 5 of the Dungeon
  4171 | D:5      | Found a sparkling altar of Nemelex Xobeh.
  4189 | D:5      | Noticed a sky beast
  4210 | D:5      | Killed a sky beast
  4211 | D:5      | Reached skill level 7 in Maces & Flails
  4272 | D:5      | Reached XP level 7. HP: 40/41 MP: 7/7
  4497 | D:5      | Reached skill level 8 in Maces & Flails
  4662 | D:5      | Found Dywizir's Weapon Shoppe.
  4711 | D:5      | Got a dull robe
  4722 | D:5      | Identified the cursed +0 robe of Rotten Joy {rC+ rCorr
                  | Dex-5} (You found it on level 5 of the Dungeon)
  4926 | D:6      | Found a shimmering blue altar of Sif Muna.
  5328 | D:6      | Reached skill level 9 in Maces & Flails
  5328 | D:6      | Reached XP level 8. HP: 46/46 MP: 8/8
  5616 | D:6      | Found a bloodstained altar of Trog.
  5616 | D:6      | Found an iron altar of Okawaru.
  5631 | D:6      | Reached skill level 10 in Maces & Flails
  5710 | D:6      | Found a staircase to the Ecumenical Temple.
  5719 | Temple   | Entered the Ecumenical Temple
  5778 | Temple   | Became a worshipper of Makhleb the Destroyer
  6152 | D:7      | Noticed a troll
  6170 | D:6      | Mangled by a troll

Illustrated notes

Levels and vault maps discovered:
D:1:      eino_arrival_druids_welcome, layout_basic, hangedman_decor_slide_cut
D:2:      layout_basic, minmay_misc_feat_roman, hangedman_decor_points,
          mrwooster_statue_mirror, uniq_natasha
D:3:      minmay_recursive_quarters, layout_basic,
          gammafunk_temple_overflow_pools
D:4:      layout_loops_ring, gammafunk_ghost_stat_death, serial_shops, shop
D:5:      layout_basic, lemuel_doored_altar, serial_shops, shop
D:6:      layout_cave_pools, overflow_temple_1_default,
          grunt_temple_overflow_bloody_war, lemuel_temple_firewalk_a
D:7:      layout_loops_cross, kennysheep_mini, amcnicky_mini_corridor_feature
Temple:   regret_index_temple_generic_petals

Skill      XL: |  1  2  3  4  5  6  7  8 |
---------------+-------------------------+-----
Maces & Flails | 3 4 5 6 7 9 10 | 10.2
Fighting       | |  3.2
Armour         | |  3.2
Shields        | |  3.2

Action                   |  1- 3 |  4- 6 |  7- 9 || total
-------------------------+-------+-------+-------++-------
Melee: Flail             |   143 |   248 |       ||   391
       Mace              |       |    26 |   155 ||   181
  Use: Scroll            |       |     1 |     1 ||     2
Armor: Scale mail        |    69 |    30 |       ||    99
       Chain mail        |       |   133 |   105 ||   238
Dodge: Dodged            |    45 |    60 |    35 ||   140
Block: Kite shield       |    83 |   138 |    81 ||   302
